 Dungeon Crawl Stone Soup version 0.19-a0-1341-g3513869 (webtiles) character file.

17 4thArraOfDagon the Ruffian (level 2, -4/24 HPs)
             Began as a Troll Ice Elementalist on Sept 1, 2016.
             Killed from afar by Sigmund (9 damage)
             ... with a puff of flame
             ... on level 4 of the Dungeon.
             The game lasted 00:02:52 (492 turns).

4thArraOfDagon the Ruffian (Troll Ice Elementalist)  Turns: 492, Time: 00:02:53

Health: -4/24      AC:  5    Str: 13 (15) XL:     2   Next: 44%
Magic:  8/11       EV: 10    Int: 13 (16) God:
Gold:   65         SH:  0    Dex:  9 (10) Spells: 0 memorised, 3 levels left

rFire  . . .     SeeInvis .     o - +0 arbalest of Nimnibb {penet, *Drain rElec MP+9} (curse)
rCold  . . .     Gourm    +     a - +0 robe
rNeg   . . .     Faith    .     (shield currently unavailable)
rPois  .         Spirit   .     (helmet restricted)
rElec  +         Dismiss  .     (no cloak)
rCorr  .         Reflect  .     (gloves unavailable)
MR     .....     Harm     .     (boots unavailable)
Stlth  +.........               (no amulet)
                                (no ring)
                                (no ring)

@: brilliant, very slightly contaminated, hasted, very quick
A: unfitting armour, claws 3, fast metabolism 3, gourmand, regeneration 1,
shaggy fur 1, tough skin 2
a: no special abilities


You were on level 4 of the Dungeon.
You were not hungry.

You visited 1 branch of the dungeon, and saw 4 of its levels.

You collected 65 gold pieces.

Inventory:

Hand Weapons
 o - the cursed +0 arbalest of Nimnibb (weapon) {penet, *Drain rElec MP+9}
   (You found it on level 4 of the Dungeon)

   Ammo fired by it will pass through the targets it hits, potentially hitting
   all targets in its path until it reaches maximum range.
   It insulates you from electricity.
   It affects your magic capacity (+9).
   It causes draining when unequipped.
   It has a curse placed upon it.
Armour
 a - a +0 robe (worn)
Scrolls
 d - a scroll of identify
 n - a scroll of immolation
Potions
 k - a potion of curing
Books
 b - a book of Frost

   Spells                             Type                      Level
   a - Freeze                         Ice                          1
   b - Throw Frost                    Conjuration/Ice              2
   c - Ozocubu's Armour               Charms/Ice                   3
   d - Throw Icicle                   Conjuration/Ice              4
   e - Summon Ice Beast               Ice/Summoning                4
Comestibles
 c - 2 bread rations
 f - a fruit
 h - a royal jelly
 i - 2 meat rations


   Skills:
 - Level 1.5 Dodging
 - Level 1.1 Stealth
 * Level 2.2 Unarmed Combat
 - Level 1.2 Spellcasting
   Level 0.6 Conjurations
   Level 2.1 Ice Magic


You had 3 spell levels left.
You didn't know any spells.

Dungeon Overview and Level Annotations

Branches:
Dungeon (4/15)
 Temple: D:4-7

Altars:

Annotations:
D:4 Robin, Sigmund


Innate Abilities, Weirdness & Mutations

You are too large for most types of armour.
You have claws for hands.
Your metabolism is lightning-fast.
You like to eat raw meat.
Your natural rate of healing is unusually fast.
You are covered in fur. (AC +1)
You have very tough skin. (AC +2)


Message History

The goblin hits you but does no damage. Sigmund hits you with a scythe.
Unknown command.
The goblin hits you but does no damage.
Unknown command.
The goblin barely misses you.
Unknown command.
You feel less woody.
Your +0 robe unmelds from your body.
Sigmund points at you and mumbles some strange words.
The magic dart hits you! The goblin hits you with a club.
The goblin hits you with a dagger.
* * * LOW HITPOINT WARNING * * *
Unknown command.
Unknown command.
Unknown command.
Robin roars a battlecry!
The goblin goes into a battle-frenzy!
Sigmund points at you and mumbles some strange words.
The puff of flame hits you!
You die...

#.... #.... ...
######### ... ........#
#.# #######....# #.#
.g..g##...g####.########
..g.......gggg@.@.......
####g#####gggggg##.####.
.........gg###### #
####.#####.# ####.## #..
......# .(. ####### ...#
...


You could see Sigmund, Robin, 4 hobgoblins and 8 goblins.

Vanquished Creatures
  A worm (D:3)
  2 dart slugs (D:1)
  A giant cockroach (D:3)
  2 goblins
  2 hobgoblins (D:3)
  A ball python (D:3)
  A rat (D:3)
10 creatures vanquished.

Vanquished Creatures (others)
  A goblin (D:1)
1 creature vanquished.

Grand Total: 11 creatures vanquished

Notes
Turn   | Place    | Note
-------+----------+-------------------------------------------
     0 | D:1      | 4thArraOfDagon the Troll Ice Elementalist began the quest for the Orb.
     0 | D:1      | Reached XP level 1. HP: 16/16 MP: 1/1
   174 | D:1      | Reached skill level 1 in Unarmed Combat
   333 | D:3      | Reached XP level 2. HP: 12/24 MP: 2/2
   437 | D:4      | Got a steaming arbalest
   438 | D:4      | Identified the cursed +0 arbalest of Nimnibb {penet, *Drain rElec MP+9} (You found it on level 4 of the Dungeon)
   444 | D:4      | Noticed Robin
   455 | D:4      | Turgon: Hey, TrIE highscore is
   461 | D:4      | Noticed Sigmund
   466 | D:4      | Turgon: http://dobrazupa.org/morgue/MrPlanck/morgue-MrPlanck-20150527-032510.txt
   482 | D:4      | 4thArraOfDagon: :D
   482 | D:4      | 4thArraOfDagon: ok choose me a combo
   482 | D:4      | Turgon: 72 k doable for you?
   482 | D:4      | 4thArraOfDagon: this is insane
   482 | D:4      | 4thArraOfDagon: too insane
   482 | D:4      | 4thArraOfDagon: to retry over and over
   482 | D:4      | Joat: arbalest tree OP
   492 | D:4      | Killed from afar by Sigmund

Vault maps used:
D:1:      mrwooster_arrival_statue, minmay_misc_feat_rows
D:2:      minmay_misc_feat_tower, grunt_gozag_breadcrumbs
D:3:      grunt_qazlal_sundering
D:4:      minivault_26, minivault_5, cheibrodos_ashenzari_chains, uniq_sigmund,
          uniq_blork_the_orc, uniq_robin

Skill      XL: |  1  2 |
---------------+-------+-----
Unarmed Combat | 1 2 |  2.2
Dodging        | |  1.5
Stealth        | |  1.1
Spellcasting   | |  1.2
Conjurations   | |  0.6
Ice Magic      | |  2.1

Action                   || total
-------------------------++-------
Melee: Unarmed           ||    27
       Punch             ||     1
       Arbalest          ||    10
  Use: Potion            ||     5
       Scroll            ||     3
  Eat: Chunk             ||     5
Armor: Robe              ||    12
       Skin              ||    40
Dodge: Dodged            ||    16
